 Dungeon Sprint DCSS version 0.30-a0-354-g6b83867211 (webtiles) character file.

Game seed: 14807725151964401790

11983 rocky1 the Hoplite (level 12, -13/89 HPs)
             Began as a Formicid Fighter on Nov 8, 2022.
             Was the Champion of Cheibriados.
             Mangled by an alligator snapping turtle (30 damage)
             ... in the Dungeon (Sprint VII: "The Pits").
             The game lasted 00:10:25 (2303 turns).

rocky1 the Hoplite (Formicid Fighter)               Turns: 2303, Time: 00:10:25

Health: -13/89     AC: 18    Str: 40    XL:     12   Next: 14%
Magic:  22/22      EV: 29    Int: 24    God:    Cheibriados [******]
Gold:   15         SH: 12    Dex: 33    Spells: 11/11 levels left

rFire   + . .      SeeInvis +    p - +1 broad axe (freeze)
rCold   . . .      Faith    .    c - +0 buckler
rNeg    . . .      Spirit   .    o - +4 chain mail
rPois   .          Reflect  .    (helmet unavailable)
rElec   .          Harm     .    (no cloak)
rCorr   .          Rampage  .    n - +0 pair of gloves
Will    ++...                    (no boots)
Stlth   +.........               t - amulet of the acrobat
HPRegen 0.34/turn                D - ring "Xuak" {rF+ Will+ Dex+5}
MPRegen 0.18/turn                k - +3 ring of protection

@: mighty, acrobatic, very slow
A: permanent stasis, dig shafts and tunnels, antennae 3, four strong arms
a: Dig, Renounce Religion, Bend Time, Temporal Distortion, Slouch, Step From
Time


You were in the Dungeon.
You worshipped Cheibriados.
Cheibriados was exalted by your worship.
You visited 1 branch You collected 15 gold pieces.

Inventory:

Hand Weapons
 h - a +2 vorpal hand axe
 p - a +1 broad axe of freezing (weapon)
 r - a +2 flail of holy wrath
 B - the +12 pair of quick blades "Gyre" and "Gimble" {protect}
   (You found it in the Dungeon)

   It grants its wielder temporary protection when it strikes (+7 to AC).
Armour
 c - a +0 buckler (worn)
 n - a +0 pair of gloves (worn)
 o - a +4 chain mail (worn)
Jewellery
 j - a +3 ring of evasion
 k - a +3 ring of protection (right hand)
 t - an amulet of the acrobat (around neck)
 D - the ring "Xuak" (left hand) {rF+ Will+ Dex+5}
   (You found it in the Dungeon)

   [ring of willpower]

   Dex:       It affects your dexterity (+5).
   rF:        It protects you from fire.
   Will:      It increases your willpower.
 E - a ring of ice
Wands
 w - a wand of digging (2)
Scrolls
 v - a scroll of immolation
 x - a scroll of fog
 y - 3 scrolls of identify
 z - 2 scrolls of enchant armour
 A - 4 scrolls of enchant weapon
 C - a scroll of brand weapon
Potions
 e - 6 potions of curing
 f - 4 potions of heal wounds
 g - a potion of magic
 l - 3 potions of brilliance
 m - 6 potions of mutation
 s - a potion of might
 u - a potion of invisibility


   Skills:
 + Level 6.7 Fighting
 + Level 2.4 Short Blades
 * Level 18.1 Axes
 + Level 6.7 Armour
 + Level 4.5 Dodging
 + Level 6.7 Stealth
 - Level 21.3 Shields
 - Level 14.0 Invocations


You had 11 spell levels left.
You didn't know any spells.
Your spell library contained the following spells:

 Spells                   Type           Power      Damage    Failure   Level
 Beastly Appendage        Tmut           0%         N/A       43%         1
 Ensorcelled Hibernation  Hex/Ice        0%         N/A       58%         2
 Passwall                 Tmut/Erth      0%         N/A       58%         2
 Wereblood                Tmut           0%         N/A       58%         2
 Spider Form              Tmut/Pois      0%         N/A       82%         3
 Swiftness                Air            Unusable   N/A       N/A         3

Dungeon Overview and Level Annotations

Branches:
Dungeon (1/1)

Altars:
Ashenzari
Cheibriados
Dithmenos
Elyvilon
Fedhas
Gozag
Hepliaklqana
Kikubaaqudgha
Makhleb
Nemelex Xobeh
Okawaru
Qazlal
Ru
Sif Muna
Trog
Uskayaw
Vehumet
Wu Jian
Xom
Yredelemnul
Zin
The Shining One
Jiyva
Lugonu


Innate Abilities, Weirdness & Mutations

You cannot be hasted, slowed, berserked, paralysed or teleported.
You can dig through walls and to a lower floor.
You have a pair of large antennae on your head. (SInv)
Your four strong arms can wield two-handed weapons with a shield.


Message History

The great orb of eyes is almost dead.
You hit the hell rat. You freeze the hell rat.
The hell rat bites you but does no damage.
You hit the great orb of eyes. You freeze the great orb of eyes.
The great orb of eyes is almost dead.
You closely miss the hell rat. The hell rat closely misses you.
You block the great orb of eyes's attack.
You hit the great orb of eyes. You freeze the great orb of eyes.
The great orb of eyes is almost dead.
You slash the hell rat! You freeze the hell rat.
You kill the hell rat!
Cheibriados thoroughly appreciates the change of pace.
The great orb of eyes bites you but does no damage.
You hit the great orb of eyes. You freeze the great orb of eyes.
You kill the great orb of eyes!
Cheibriados appreciates the change of pace.
Your Short Blades skill increases to level 2!
Your Axes skill increases to level 18!
Things that are here:
a hell rat corpse; a komodo dragon corpse A rime drake comes into view.
An alligator snapping turtle comes into view.
The alligator snapping turtle hisses angrily.
You feel very mighty all of a sudden.
You block the alligator snapping turtle's attack.
The rime drake breathes ice at you. The icy flash freeze hits you!!
You are encased in ice.
You block the alligator snapping turtle's attack.
You slice the rime drake!! You freeze the rime drake.
The rime drake is almost dead.
You slash the rime drake!
You kill the rime drake!
Cheibriados thoroughly appreciates the change of pace.
The alligator snapping turtle bites you from afar!
The ice encasing you melts away.
The alligator snapping turtle bites you!!
* * * LOW HITPOINT WARNING * * *
The alligator snapping turtle bites you!!
You die...

{{
#++############
#..............
#......@t......
{
#..############
{{ #..# {{{ {{
#..# # {{ #..#
# #..# # #..#{
# #..# { {


{{{{{ ##########..# {{ You could see an alligator snapping turtle.

Vanquished Creatures
  A great orb of eyes (D)
  A hydra (D)
  A death yak (D)
  An orc high priest (D)
  A deep troll (D)
  A phantasmal warrior (D)
  A deep elf zephyrmancer (D)
  A manticore (D)
  2 elephants (D)
  2 black mambas (D)
  A komodo dragon (D)
  A rime drake (D)
  4 kobold demonologists (D)
  A guardian mummy (D)
  A wandering mushroom (D)
  A tyrant leech (D)
  A troll (D)
  A merfolk (D)
  A queen bee (shapeshifter) (D)
  3 jumping spiders (D)
  Sigmund (D)
  A ynoxinul (D)
  A spriggan (D)
  4 yaks (D)
  2 shadows (D)
  Grum (D)
  A steam dragon (D)
  A vampire mosquito (D)
  2 redbacks (D)
  Edmund (D)
  2 orc warriors (D)
  Pargi (D)
  An ice beast (D)
  4 wolves (D)
  A kobold brigand (D)
  A small abomination (D)
  A necrophage (D)
  3 wights (D)
  A gnoll bouda (D)
  A hell rat (D)
  2 orc wizards (D)
  A mummy (D)
  A gnoll (D)
  2 adders (D)
  3 white imps (D)
  A worm (D)
  3 orcs (D)
  A bat zombie (D)
  2 giant cockroaches (D)
  2 goblins (D)
  2 jackals (D)
  4 kobolds (D)
  2 quokkas (D)
  A bat (D)
  A frilled lizard (D)
  A giant cockroach simulacrum (D)
87 creatures vanquished.

Notes
Turn   | Place    | Note
-------+----------+-------------------------------------------
     0 | D        | rocky1 the Formicid Fighter began the quest for the Orb.
     0 | D        | Reached XP level 1. HP: 18/18 MP: 1/1
    26 | D        | Found a bloodstained altar of Trog.
    26 | D        | Found a shimmering blue altar of Sif Muna.
    26 | D        | Found a viscous altar of Jiyva.
    26 | D        | Found a hazy altar of Hepliaklqana.
    26 | D        | Found an opulent altar of Gozag.
    27 | D        | Found a glowing golden altar of the Shining One.
    27 | D        | Found a glowing silver altar of Zin.
    27 | D        | Found a basalt altar of Yredelemnul.
    27 | D        | Found a shimmering altar of Xom.
    27 | D        | Found an ornate altar of the Wu Jian Council.
    27 | D        | Found a sacrificial altar of Ru.
    27 | D        | Found a stormy altar of Qazlal.
    27 | D        | Found an iron altar of Okawaru.
    27 | D        | Found a sparkling altar of Nemelex Xobeh.
    27 | D        | Found a burning altar of Makhleb.
    27 | D        | Found a blossoming altar of Fedhas.
    27 | D        | Found a white marble altar of Elyvilon.
    27 | D        | Found a shadowy altar of Dithmenos.
    27 | D        | Found a snail-covered altar of Cheibriados.
    30 | D        | Found a corrupted altar of Lugonu.
    30 | D        | Found a radiant altar of Vehumet.
    31 | D        | Found an ancient bone altar of Kikubaaqudgha.
    31 | D        | Found a hide-covered altar of Uskayaw.
    31 | D        | Found a broken altar of Ashenzari.
    38 | D        | Became a worshipper of Cheibriados the Contemplative
    60 | D        | Reached * piety under Cheibriados
    91 | D        | Reached skill level 5 in Shields
    91 | D        | Reached skill level 1 in Invocations
    91 | D        | Reached XP level 2. HP: 20/24 MP: 1/3
    94 | D        | Reached ** piety under Cheibriados
   122 | D        | Reached skill level 6 in Shields
   122 | D        | Reached XP level 3. HP: 18/29 MP: 3/5
   123 | D        | Reached *** piety under Cheibriados
   132 | D        | Reached skill level 5 in Axes
   132 | D        | Reached skill level 7 in Shields
   132 | D        | Reached XP level 4. HP: 15/35 MP: 4/6
   135 | D        | Reached **** piety under Cheibriados
   276 | D        | Noticed Sigmund
   284 | D        | Reached ***** piety under Cheibriados
   286 | D        | Killed Sigmund
   287 | D        | Reached skill level 10 in Shields
   287 | D        | Reached XP level 5. HP: 40/41 MP: 1/9
   287 | D        | Reached XP level 6. HP: 46/47 MP: 1/10
   408 | D        | Reached skill level 11 in Shields
   533 | D        | Noticed a vampire mosquito
   538 | D        | Killed a vampire mosquito
   539 | D        | Reached skill level 12 in Shields
   539 | D        | Reached XP level 7. HP: 34/52 MP: 10/12
   611 | D        | Reached ****** piety under Cheibriados
   623 | D        | Reached skill level 10 in Axes
   623 | D        | Reached skill level 13 in Shields
   672 | D        | Noticed a shadow
   672 | D        | Noticed a redback
   673 | D        | Killed a redback
   674 | D        | Reached skill level 14 in Shields
   674 | D        | Reached XP level 8. HP: 58/58 MP: 8/14
   676 | D        | Killed a shadow
   896 | D        | Noticed Edmund
   896 | D        | Noticed a queen bee
   896 | D        | Noticed a deep troll
   906 | D        | Killed Edmund
   907 | D        | Reached skill level 15 in Shields
   911 | D        | Killed a queen bee
  1109 | D        | Noticed a kobold demonologist
  1109 | D        | Noticed a merfolk
  1109 | D        | Noticed a guardian mummy
  1110 | D        | Noticed a kobold demonologist
  1112 | D        | Killed a kobold demonologist
  1113 | D        | Reached skill level 16 in Shields
  1113 | D        | Reached skill level 10 in Invocations
  1113 | D        | Reached XP level 9. HP: 58/64 MP: 5/16
  1113 | D        | Killed a merfolk
  1113 | D        | Killed a kobold demonologist
  1114 | D        | Reached skill level 17 in Shields
  1117 | D        | Noticed a kobold demonologist
  1117 | D        | Noticed a kobold demonologist
  1121 | D        | Noticed a troll
  1123 | D        | Killed a guardian mummy
  1125 | D        | Noticed a rust devil
  1129 | D        | Noticed a soul eater
  1129 | D        | Killed a kobold demonologist
  1130 | D        | Killed a kobold demonologist
  1131 | D        | Reached skill level 18 in Shields
  1131 | D        | Reached XP level 10. HP: 57/70 MP: 8/18
  1199 | D        | Noticed an orc high priest
  1203 | D        | Noticed a soul eater
  1203 | D        | Noticed a sixfirhy
  1214 | D        | Killed an orc high priest
  1215 | D        | Reached skill level 19 in Shields
  1221 | D        | Killed a deep troll
  1222 | D        | Reached skill level 15 in Axes
  1358 | D        | Noticed a manticore
  1358 | D        | Noticed a black mamba
  1358 | D        | Noticed Pargi
  1364 | D        | Reached skill level 20 in Shields
  1366 | D        | Noticed an elephant
  1374 | D        | Killed a manticore
  1375 | D        | Reached XP level 11. HP: 20/75 MP: 19/21
  1378 | D        | Killed Pargi
  1380 | D        | Killed an elephant
  1402 | D        | Noticed a deep elf zephyrmancer
  1405 | D        | Noticed Grum
  1407 | D        | Killed Grum
  1410 | D        | Reached skill level 21 in Shields
  1414 | D        | Killed a deep elf zephyrmancer
  1509 | D        | Reached skill level 1 in Stealth
  1509 | D        | Noticed a five-headed hydra
  1514 | D        | Killed a five-headed hydra
  1515 | D        | Reached skill level 1 in Dodging
  1735 | D        | Noticed a phantasmal warrior
  1744 | D        | Killed a phantasmal warrior
  2035 | D        | Noticed an elephant
  2035 | D        | Noticed a death yak
  2039 | D        | Reached skill level 5 in Fighting
  2039 | D        | Reached skill level 5 in Armour
  2042 | D        | Killed an elephant
  2045 | D        | Killed a death yak
  2046 | D        | Reached skill level 5 in Stealth
  2161 | D        | Found the +12 pair of quick blades "Gyre" and "Gimble"
                  | {protect}
  2171 | D        | Got the ring "Xuak" {rF+ Will+ Dex+5}
  2275 | D        | Noticed a great orb of eyes
  2278 | D        | Reached skill level 1 in Short Blades
  2278 | D        | Reached XP level 12. HP: 88/88 MP: 22/22
  2285 | D        | Killed a great orb of eyes
  2297 | D        | Noticed an alligator snapping turtle
  2303 | D        | Mangled by an alligator snapping turtle

Illustrated notes

Levels and vault maps discovered:
D:        pitsprint [storerooms_1, entrance_room_1, metal_vault_3, armoury_2,
          mini_pit_1, grid_room_1, main_hall_1, silver_pit, the_coven_3,
          the_vestibule_1, steel_vault_3, golden_pit, hallway_of_sentries,
          crystal_vault_2, iron_vault_2, final_vault]

Skill      XL: |  1  2  3  4  5  6  7  8  9 10 11 12 |
---------------+-------------------------------------+-----
Axes           | 3 4 5 7 9 10 12 14 15 17 18 | 18.1
Shields        | 5 6 7 10 12 14 16 18 20 21 | 21.3
Invocations    | 1 3 6 7 8 10 11 13 14 | 14.0
Stealth        | 6 |  6.7
Fighting       | 6 |  6.7
Armour         | 6 |  6.7
Dodging        | 4 |  4.5
Short Blades   | 1 2 |  2.4

Action                   |  1- 3 |  4- 6 |  7- 9 | 10-12 || total
-------------------------+-------+-------+-------+-------++-------
Melee: War axe           |    42 |     4 |       |       ||    46
       Hand axe          |       |    31 |    21 |       ||    52
       Broad axe         |       |       |    22 |    90 ||   112
Invok: Slouch            |       |     1 |     6 |     9 ||    16
  Use: Potion            |       |       |     1 |    13 ||    14
Armor: Scale mail        |    28 |       |       |       ||    28
       Plate armour      |       |    12 |     9 |       ||    21
       Chain mail        |       |       |     9 |    65 ||    74
Dodge: Dodged            |    20 |     7 |    10 |    66 ||   103
Block: Buckler           |     8 |     8 |    34 |    82 ||   132

Table legend: (Time is in decaauts)
 A = Elapsed time spent in this place.
 B = Non-inter-level travel time spent in this place.
 C = Inter-level travel time spent in this place.
 D = Time resting spent in this place.
 E = Time spent auto-exploring this place.
 F = Levels seen in this place.
 G = Mean time per level.
                   A        B        C        D        E       F      G
               +--------+--------+--------+--------+--------+-----+--------+
         Total |   2730 |   2604 |    126 |   1441 |      0 |   1 | 2730.0 |
       Dungeon |   2730 |   2604 |    126 |   1441 |      0 |   1 | 2730.0 |
               +--------+--------+--------+--------+--------+-----+--------+

Top non-repeatable levels by time:
       D: 2730 daAuts
